 Dungeon Crawl Stone Soup version bcrawl-1.31.3 (webtiles) character file.

Game seed: 3465067385760309584

306978 PeterLawrence the Protected (level 9, -5/81 HPs)
             Began as a Minotaur Fighter on May 4, 2021.
             Was a Priest of Okawaru.
             Slain by an orc warrior
             ... wielding a +2 glaive of protection
              (8 damage)
             ... on level 8 of the Dungeon.
             The game lasted 00:12:02 (6950 turns).

PeterLawrence the Protected (Minotaur Fighter)      Turns: 6950, Time: 00:12:03

Health: -5/81      AC: 16    Str: 22    XL:     9   Next: 91%
Magic:  12/12      EV:  7    Int:  5    God:    Okawaru [***...]
Gold:   242        SH: 11    Dex: 12    Spells: 8/8 levels left

rFire    + . .     SeeInvis +   a - +1 war axe
rCold    . . .     Gourm    .   c - +1 medium shield
rNeg     . . .     Faith    .   b - +0 plate armour
rPois    .         Spirit   .   (helmet unavailable)
rElec    .         Reflect  .   v - +0 cloak "Ytiworyj" {rF+ Slay+3} (curse)
rCorr    .         Harm     .   (no gloves)
MR       .....                  (no boots)
Stlth    ..........             (no amulet)
HPRegen  0.23/turn              p - +4 ring of evasion
MPRegen  0.13/turn              m - ring of see invisible

@: studying Armour
A: retaliatory headbutt, horns 3, evolution 1
a: Heroism, Renounce Religion


You were on level 8 of the Dungeon.
You worshipped Okawaru.
Okawaru was most pleased with you.
You were hungry.

You visited 2 branches of the dungeon, and saw 9 of its levels.
You also visited: Sewer.

You collected 527 gold pieces.
You spent 285 gold pieces at shops.

Inventory:

Hand Weapons
 a - a +1 war axe (weapon)
 r - a +4 whip
 A - the cursed +0 flail of Assozol {freeze, Str+3 SInv, unknown}
   (You found it on level 7 of the Dungeon)

   It has been specially enchanted to freeze those struck by it, increasing
   damage dealt by approximately one third against foes not resistant or
   susceptible to cold, and potentially slowing cold-blooded foes.
   It affects your strength (+3).
   It lets you see invisible.
   It has a curse placed upon it.
Armour
 b - a +0 plate armour (worn)
 c - a +1 medium shield (worn)
 v - the cursed +0 cloak "Ytiworyj" (worn) {rF+ Slay+3}
   (You bought it in a shop on level 7 of the Dungeon)

   It affects your accuracy and damage with ranged weapons and melee attacks
   (+3).
   It protects you from fire.
   It has a curse placed upon it.
Jewellery
 h - an uncursed ring of fire
 m - a ring of see invisible (right hand)
 p - a +4 ring of evasion (left hand)
Wands
 g - a wand of disintegration (15)
 w - a wand of polymorph (10)
 x - a wand of iceblast (3)
 y - a wand of scattershot (7)
Scrolls
 f - 2 scrolls of fear
 j - a scroll of teleportation
 n - a scroll of enchant armour
 o - a scroll of enchant weapon
 s - a scroll of remove curse
Potions
 d - a potion of might
 k - 3 potions of flight
 l - a potion of invisibility {unknown}
 q - a potion of berserk rage {unknown}
 t - 2 potions of agility
 u - a potion of brilliance {unknown}
 z - 2 potions of degeneration {unknown}
Comestibles
 e - 10 rations {!d}


   Skills:
 - Level 8.0 Fighting
 - Level 10.5 Axes
 + Level 11.6 Armour
 - Level 1.0 Dodging
 - Level 0.1 Stealth
 - Level 4.6 Shields
 - Level 6.0 Invocations


You had 8 spell levels left.
You didn't know any spells.
Your spell library contained the following spells:

 Spells                   Type           Power        Failure   Level  Hunger
 Beastly Appendage        Tmut           #.....       100%        1    None
 Magic Dart               Conj           #...         100%        1    None
 Passwall                 Tmut/Erth      #.......     100%        2    ####...
 Searing Ray              Conj           #.......     100%        2    ####...
 Sticks to Snakes         Tmut           #.......     100%        2    ####...
 Iskenderun's Mystic Bla  Conj           #.......     100%        3    #####..
 Spider Form              Tmut/Pois      #..          100%        3    #####..
 Fulminant Prism          Conj/Hex       #.........   100%        4    ######.
 Ice Form                 Ice/Tmut       #.......     100%        4    ######.
 Blade Hands              Tmut           #.........   100%        5    #######
 Irradiate                Conj/Tmut      #.........   100%        5    #######


Dungeon Overview and Level Annotations

Branches:
Dungeon (8/12)             Temple (1/1) D:4
   Lair: D:7-9          Orc: D:8-11

Altars:
Dithmenos
Elyvilon
Hepliaklqana
Nemelex Xobeh
Okawaru
Uskayaw
Vehumet
Wu Jian
Xom

Shops:
D:7 [

Portals:
Bailey: D:8

Annotations:
D:5 3 runed translucent doors, alexmat1498's ghost, novice MfBe


Innate Abilities, Weirdness & Mutations

You reflexively headbutt those who attack you in melee.
You have a pair of large horns on your head.
You evolve.


Message History

The orc warrior is heavily wounded.
The orc warrior hits you with a +2 glaive of protection.
* * * LOW HITPOINT WARNING * * *
You hit the orc warrior.
The orc warrior is severely wounded.
You closely miss the orc.
The orc warrior hits you with a +2 glaive of protection!
* * * LOW HITPOINT WARNING * * *
The orc hits you but does no damage.
Your shield and plate armour prevent you from hitting the orc warrior.
The orc warrior is severely wounded.
You hit the orc. The orc warrior closely misses you.
No path to travel!
You closely miss the orc warrior. Your headbutt misses the orc warrior.
The orc warrior is severely wounded.
You closely miss the orc.
You hear the steady creaking of a distant portcullis.
You block the orc's attack.
The orc warrior hits you with a +2 glaive of protection!
You die...

##.# ...... o..###
...%.# ....##.....#
...........
.......... #.........
#oo.......
####@o.......
#.†)##############+#
#...###....###.....#
#....#..........)..#
#....'........)<)..#
#....#.............#
#....#.....#######.##
#....#.....# #.##
#....#.....# +...


You could see an orc warrior, an orc wizard and an orc.

Vanquished Creatures
  An efreet (D:7)
  A troll (D:8)
  A hippogriff (D:8)
  Sigmund (D:3)
  A hungry ghost (D:6)
  Eustachio (D:5)
  A sky beast (D:5)
  7 orc warriors
  A necrophage (D:4)
  A centaur (D:7)
  2 ogres
  2 big kobolds (Sewer)
  A scorpion (D:4)
  A howler monkey (D:6)
  2 crimson imps
  2 bullfrog zombies
  2 quasits
  5 hounds
  A jelly (D:6)
  4 orc priests (D:8)
  9 orc wizards
  2 bullfrog skeletons
  An iguana (D:4)
  A worker ant (D:5)
  A killer bee zombie (D:5)
  A big kobold zombie (Sewer)
  3 gnolls (D:8)
  7 adders
  A river rat (D:3)
  2 shadow imps
  4 ufetubi (Sewer)
  An adder zombie (D:6)
  4 oozes
  3 adder skeletons
  12 worms
  2 dart slugs
  3 leopard geckos
  39 orcs
  3 ball pythons
  7 bats
  9 giant cockroaches
  11 goblins
  16 hobgoblins
  15 jackals
  27 kobolds
  A quokka (D:2)
  3 frilled lizards
  A giant cockroach zombie (Sewer)
  10 rats
  A spectral kobold (D:5)
238 creatures vanquished.

Vanquished Creatures (others)
  A giant cockroach zombie (Sewer)
1 creature vanquished.

Grand Total: 239 creatures vanquished

Notes
Turn   | Place    | Note
-------+----------+-------------------------------------------
     0 | D:1      | PeterLawrence the Minotaur Fighter began the quest for the
                  | Orb.
     0 | D:1      | Reached XP level 1. HP: 19/19 MP: 0/0
    50 | D:1      | Reached XP level 2. HP: 11/27 MP: 1/1
   322 | D:1      | Reached XP level 3. HP: 28/33 MP: 2/2
   592 | D:1      | Found a sparkling altar of Nemelex Xobeh.
   597 | D:1      | Reached skill level 4 in Armour
  1127 | D:2      | Reached XP level 4. HP: 40/40 MP: 3/3
  1724 | D:3      | Reached skill level 1 in Dodging
  1751 | D:3      | Reached XP level 5. HP: 38/47 MP: 4/4
  1944 | D:3      | Found a glowing drain.
  1952 | Sewer    | Entered a sewer
  2053 | Sewer    | Reached skill level 5 in Axes
  2098 | Sewer    | Found a burning altar of Makhleb.
  2110 | Sewer    | Reached XP level 6. HP: 50/53 MP: 5/5
  2520 | D:3      | Reached XP level 7. HP: 33/60 MP: 6/6
  2658 | D:3      | Noticed Sigmund
  2670 | D:3      | Killed Sigmund
  3305 | D:4      | Got a crude ring mail
  3306 | D:4      | Found a staircase to the Ecumenical Temple.
  3323 | Temple   | Entered the Ecumenical Temple
  3367 | Temple   | Became a worshipper of Warmaster Okawaru
  3423 | D:5      | Entered Level 5 of the Dungeon
  4242 | D:5      | Found a hazy altar of Hepliaklqana.
  4344 | D:5      | Noticed Eustachio
  4367 | D:5      | Killed Eustachio
  4368 | D:5      | Reached skill level 10 in Axes
  4368 | D:5      | Reached XP level 8. HP: 37/67 MP: 7/7
  4493 | D:5      | Found a shimmering altar of Xom.
  4580 | D:5      | Found a hide-covered altar of Uskayaw.
  4650 | D:5      | Found a runed translucent gate.
  4650 | D:5      | Found a runed translucent gate.
  4652 | D:5      | Found a runed translucent gate.
  4653 | D:5      | Noticed alexmat1498's ghost (novice MfBe)
  4727 | D:5      | Reached skill level 1 in Invocations
  4802 | D:5      | Reached * piety under Okawaru
  4857 | D:5      | Gained mutation: You have a pair of large horns on your
                  | head. [potion of mutation]
  4857 | D:5      | Gained mutation: You evolve. [potion of mutation]
  5054 | D:5      | Identified the +3 ring mail "Ojuel" {rF+ rCorr Str-4 Dex+8}
                  | (You found it on level 4 of the Dungeon)
  5420 | D:6      | Reached skill level 5 in Invocations
  5459 | D:6      | Found an ornate altar of the Wu Jian Council.
  5603 | D:6      | Reached ** piety under Okawaru
  5604 | D:6      | Reached skill level 5 in Fighting
  5757 | D:6      | Reached XP level 9. HP: 49/75 MP: 12/12
  6083 | D:7      | Found Eho Zeyb's Antique Armour Boutique.
  6097 | D:7      | Bought a bloodstained cloak for 285 gold pieces
  6102 | D:7      | Identified the cursed +0 cloak "Ytiworyj" {rF+ Slay+3} (You
                  | bought it in a shop on level 7 of the Dungeon)
  6243 | D:7      | Noticed an efreet
  6252 | D:7      | Killed an efreet
  6424 | D:7      | Got an iridescent flail
  6538 | D:7      | Identified a scroll of acquirement
  6538 | D:7      | Identified the +2 war axe "Nonkawer" {pain, rElec Int-2
                  | Stlth+} (You acquired it on level 7 of the Dungeon)
  6554 | D:8      | Reached skill level 5 in Armour
  6582 | D:8      | Found a flagged portal.
  6587 | D:8      | Reached skill level 7 in Armour
  6750 | D:8      | Reached skill level 8 in Armour
  6752 | D:8      | Reached *** piety under Okawaru
  6756 | D:8      | Reached skill level 9 in Armour
  6831 | D:8      | Reached skill level 10 in Armour
  6887 | D:8      | Noticed a troll
  6897 | D:8      | Killed a troll
  6898 | D:8      | Reached skill level 11 in Armour
  6948 | D:8      | HP: 3/81 [orc warrior/+2 glaive of protection (7)]
  6950 | D:8      | Slain by an orc warrior

Skill      XL: |  1  2  3  4  5  6  7  8  9 |
---------------+----------------------------+-----
Shields        | 4 |  4.6
Fighting       | 4 5 8 |  8.0
Armour         | 4 11 | 11.6
Axes           | 3 4 6 7 10 | 10.5
Dodging        | 1 |  1.0
Invocations    | 6 |  6.0
Stealth        | |  0.1

Action                   |  1- 3 |  4- 6 |  7- 9 || total
-------------------------+-------+-------+-------++-------
Melee: War axe           |   110 |   239 |   305 ||   654
       Headbutt          |    16 |    45 |    64 ||   125
Invok: Heroism           |       |       |     2 ||     2
  Use: Scroll            |       |       |    14 ||    14
       Potion            |       |       |     4 ||     4
  Eat: Chunk             |     5 |    10 |    20 ||    35
       Ration            |       |     1 |     1 ||     2
Armor: Scale mail        |    62 |    93 |    47 ||   202
       Ring mail         |       |       |     9 ||     9
       Plate armour      |       |       |    40 ||    40
       Chain mail        |       |       |     4 ||     4
Dodge: Dodged            |    24 |    96 |   107 ||   227
Block: Medium shield     |    64 |   140 |   170 ||   374
